 Dungeon Crawl Stone Soup version 0.20.1-1-g8b1a95d (console) character file.

776 hilaritas the Chopper (level 8, -2/87 HPs)
             Began as a Formicid Fighter on Aug 4, 2017.
             Slain by a centaur
             ... wielding a +0 dagger
              (3 damage)
             ... on level 5 of the Dungeon.
             The game lasted 00:07:04 (3719 turns).

hilaritas the Chopper (Formicid Fighter)            Turns: 3719, Time: 00:07:05

Health: -2/87      AC: 24    Str: 28    XL:     8   Next: 10%
Magic:  8/8        EV:  2    Int:  8    God:
Gold:   287        SH: 12    Dex: 10    Spells: 7/7 levels left

rFire    . . .     SeeInvis .   a - +1 war axe
rCold    . . .     Gourm    .   c - +1 shield
rNeg     + + +     Faith    .   (armour currently unavailable)
rPois    +         Spirit   .   (helmet unavailable)
rElec    .         Reflect  .   (cloak currently unavailable)
rCorr    .         Harm     .   (gloves currently unavailable)
MR       .....                  (boots currently unavailable)
Stlth    +.........             (no amulet)
Regen    0.3/turn               (no ring)
MPRegen  0.2/turn               (no ring)

@: mighty, tree-form
A: permanent stasis, dig shafts and tunnels, four strong arms
a: no special abilities


You were on level 5 of the Dungeon.
You were very hungry.
You were a tree.
You visited 1 branch of the dungeon, and saw 5 of its levels.

You collected 287 gold pieces.

Inventory:

Hand Weapons
 a - a +1 war axe (weapon)
 h - a +0 club
 y - a +0 war axe
Missiles
 w - 2 throwing nets (quivered)
Armour
 b - a +0 scale mail (melded)
 c - a +1 shield (worn)
 e - a +0 pair of boots (melded)
 u - a +0 pair of gloves (melded)
Wands
 l - a wand of disintegration (13/24)
Scrolls
 k - a scroll of recharging
 m - a scroll of enchant armour
 s - 3 scrolls of remove curse
 t - 3 scrolls of identify
Potions
 o - a potion of cancellation
Books
 x - a book of Necromancy

   Spells                             Type                      Level
   a - Pain                           Necromancy                   1
   b - Animate Skeleton               Necromancy                   1
   c - Vampiric Draining              Necromancy                   3
   d - Regeneration                   Charms/Necromancy            3
   e - Animate Dead                   Necromancy                   4
   f - Control Undead                 Necromancy                   4
Comestibles
 f - 3 bread rations
 i - 4 meat rations
 j - 3 fruits


   Skills:
 - Level 3.2 Fighting
 * Level 7.8 Axes
 - Level 3.2 Armour
 + Level 5.8 Shields


You had 7 spell levels left.
You didn't know any spells.

Dungeon Overview and Level Annotations

Branches:
Dungeon (5/15)
 Temple: D:4-7

Altars:

Annotations:
D:5 Prince Ribbit


Innate Abilities, Weirdness & Mutations

You cannot be hasted, slowed, berserked, paralysed or teleported.
You can dig through walls and to a lower floor.
Your four strong arms can wield two-handed weapons with a shield.
((You have a pair of large antennae on your head. (SInv)))


Message History

You block Prince Ribbit's attack.
You barely miss Prince Ribbit.
Prince Ribbit is moderately wounded.
You barely miss the centaur. You block the centaur's attack.
Prince Ribbit hits you!
* * * LOW HITPOINT WARNING * * *
You block the centaur's attack.
Unknown command.
You feel better. Prince Ribbit hits you!
* * * LOW HITPOINT WARNING * * *
You block the centaur's attack.
Prince Ribbit blinks!
Prince Ribbit blinks!
The centaur hits you but does no damage.
It was a potion of lignification.
You turn into a tree.
Your +0 pair of gloves melds into your body.
Your +0 pair of boots melds into your body.
Your +0 scale mail melds into your body.
Your roots penetrate the ground.
The centaur hits you with an uncursed dagger.
You die...

##..## ##..## ##..##
##..### ##...##
###....##
##.......##
#..........##
?.......(..♣c##
...........(..#
....................
....................
..........>.$.......
...................
..................
.................
................


You could see a centaur.

Vanquished Creatures
  Sigmund (D:3)
  The ghost of equalderp2856 the Shield-Bearer, an amateur MiFi (D:4)
  A phantom (D:4)
  A bullfrog skeleton (D:4)
  3 orc priests (D:3)
  Natasha (thrice) (D:2)
  An iguana (D:4)
  A worker ant (D:4)
  A worker ant zombie (D:4)
  8 adders
  A worm (D:3)
  3 dart slugs
  2 leopard geckos
  5 orcs
  A ball python (D:2)
  3 bats
  A giant cockroach (D:4)
  5 goblins
  10 hobgoblins
  5 jackals (D:1)
  A quokka (D:3)
  5 frilled lizards
  7 kobolds
  7 rats
77 creatures vanquished.

Notes
Turn   | Place    | Note
-------+----------+-------------------------------------------
     0 | D:1      | hilaritas the Formicid Fighter began the quest for the Orb.
     0 | D:1      | Reached XP level 1. HP: 18/18 MP: 1/1
   246 | D:1      | Reached XP level 2. HP: 22/24 MP: 2/2
   609 | D:1      | Reached XP level 3. HP: 29/29 MP: 3/3
   612 | D:1      | Reached skill level 3 in Axes
  1054 | D:2      | Noticed Natasha
  1058 | D:2      | Killed Natasha
  1058 | D:2      | Reached XP level 4. HP: 32/35 MP: 4/4
  1066 | D:2      | Reached skill level 4 in Axes
  1191 | D:2      | Noticed Natasha
  1203 | D:2      | Killed Natasha
  1203 | D:2      | Reached XP level 5. HP: 39/41 MP: 5/5
  1225 | D:2      | Noticed Natasha
  1231 | D:2      | Killed Natasha
  1474 | D:3      | Reached skill level 5 in Axes
  1474 | D:3      | Reached XP level 6. HP: 34/47 MP: 6/6
  1485 | D:3      | Reached skill level 5 in Shields
  1983 | D:3      | Noticed Sigmund
  2000 | D:3      | Killed Sigmund
  2000 | D:3      | Reached skill level 6 in Axes
  2000 | D:3      | Reached XP level 7. HP: 34/52 MP: 7/7
  2979 | D:4      | Noticed equalderp2856's ghost (amateur MiFi)
  2994 | D:4      | Killed equalderp2856's ghost
  2994 | D:4      | Reached skill level 7 in Axes
  3048 | D:4      | Reached XP level 8. HP: 22/58 MP: 8/8
  3569 | D:5      | Entered Level 5 of the Dungeon
  3699 | D:5      | Noticed Prince Ribbit
  3716 | D:5      | HP: 2/58 [Prince Ribbit (11)]
  3719 | D:5      | Slain by a centaur

Skill      XL: |  1  2  3  4  5  6  7 |
---------------+----------------------+-----
Shields        | 4 5 |  5.8
Axes           | 3 4 5 6 7 |  7.8
Fighting       | |  3.2
Armour         | |  3.2

Action                   |  1- 3 |  4- 6 |  7- 9 || total
-------------------------+-------+-------+-------++-------
Melee: War axe           |    73 |   121 |   100 ||   294
  Use: Scroll            |       |       |     9 ||     9
       Potion            |       |       |     6 ||     6
  Eat: Chunk             |     1 |     3 |     3 ||     7
       Fruit             |       |       |     1 ||     1
Armor: Scale mail        |    25 |    51 |    36 ||   112
Dodge: Dodged            |    31 |    42 |    32 ||   105
Block: Shield            |    44 |    56 |    49 ||   149
